Little Stars vs Thunder
(R1)
Created - March 4, 2018 at 21:36
Goals
|
| Little Stars |
2 |
1 |
4 |
7 |
| Thunder |
2 |
3 |
0 |
5 |
|
Shots
|
| Little Stars |
11 |
6 |
13 |
30 |
| Thunder |
6 |
20 |
8 |
34 |
|
1st period
1. Little Stars , Hugh Jessiman 15 (Jesse Joensuu 43, Andrej Sustr 21) at 10:13
2. Little Stars , Shawn Matthias 31 (Alex Chiasson 69) at 10:37
3. Thunder , Dany Roussin 28 (Joey Ryan 13, Ryan Nugent-Hopkins 39) at 13:03
4. Thunder , Jared Staal 8 (Dany Roussin 44, Ryan Nugent-Hopkins 40) at 18:25
Penalties :
Ryan Nugent-Hopkins (TRO) for High sticking (Minor) at 2:12, Brian Flynn (Tex) for Hooking (Minor) at 2:30, Gianluca Curcuruto (TRO) for Tripping (Minor) at 6:05, Austin Wuthrich (TRO) for Roughing (Minor) at 14:46, Mikko Vainonen (TRO) for Elbowing (Minor) at 18:47
2nd period
5. Little Stars , Dana Tyrell 32 (Jesse Joensuu 44, Hugh Jessiman 13) at 3:42
6. Thunder , Dany Roussin 29 (Joey Ryan 14) at 4:09
7. Thunder , David Fischer 9 (Scott Parse 16, Daultan Leveillé 38) at 5:00 (PP)
8. Thunder , Ryan Nugent-Hopkins 10 (Jared Staal 4) at 15:08
Penalties :
Jordie Benn (Tex) for Roughing (Minor) at 4:54, Brian Flynn (Tex) for Interference (Minor) at 5:38, Mathieu Perreault (Tex) for Hooking (Minor) at 9:06, Mathieu Perreault (Tex) for Hooking (Minor) at 12:20, Jordie Benn (Tex) for Hooking (Minor) at 15:21, Dany Roussin (TRO) for High sticking (Minor) at 19:52
3rd period
9. Little Stars , Alex Chiasson 51 (Brian Flynn 55, Andrej Sustr 22) at 0:49 (PP)
10. Little Stars , Dana Tyrell 33 (Niklas Hjalmarsson 33, Phil Oreskovic 26) at 11:15 (PP)
11. Little Stars , Robert Klinkhammer 11 (Scott Kosmachuck 3) at 12:09
12. Little Stars , Brian Flynn 25 (Alex Chiasson 70) at 19:16 (Empty Net)
Penalties :
Jared Staal (TRO) for Tripping (Minor) at 1:06, Daniel Catenacci (Tex) for Hooking (Minor) at 6:37, Mikko Vainonen (TRO) for Holding (Minor) at 10:14, Mathieu Perreault (Tex) for Tripping (Minor) at 12:56, Andrej Sustr (Tex) for Hooking (Minor) at 16:31, Phil Oreskovic (Tex) for Hooking (Minor) at 19:32
Goalie Stats
Jhonas Enroth (Tex), 29 saves from 34 shots - (0.853), W, 36-12-1, 60:00 minutes
Jake Allen (TRO), 23 saves from 29 shots - (0.793), L, 2-5-0, 59:29 minutes
Players Stats for Little Stars
Player Name G A P +/- PIM S H SB GA TA FO MP PP MP PK MP
------------------------------------------------------------------------------------
Alex Chiasson 1 2 3 1 0 6 3 2 0 0 5/13 25:15 6:10 8:01
Alexander Vasyunov 0 0 0 0 0 0 0 0 0 2 1/1 10:15 0:00 2:41
Andrej Sustr 0 2 2 0 2 0 2 2 1 0 0/0 19:28 3:43 5:28
Brian Flynn 1 1 2 1 4 3 1 1 1 1 14/32 20:02 6:09 3:48
Dana Tyrell 2 0 2 -1 0 3 0 0 0 0 3/8 12:40 4:00 0:11
Daniel Catenacci 0 0 0 1 2 0 0 0 0 0 0/0 6:45 0:00 0:00
Hugh Jessiman 1 1 2 -1 0 2 0 1 0 1 1/2 17:39 4:00 4:20
Jesper Fast 0 0 0 0 0 2 0 0 0 0 0/0 8:11 0:02 0:03
Jesse Joensuu 0 2 2 -1 0 2 4 1 0 0 0/1 14:33 3:55 2:23
Jordie Benn 0 0 0 0 4 1 2 0 0 0 0/0 19:26 3:43 5:21
Mathieu Perreault 0 0 0 0 6 0 0 0 0 0 5/9 9:09 0:07 0:00
Niklas Hjalmarsson 0 1 1 2 0 2 6 3 1 2 0/0 30:29 6:29 8:11
Phil Oreskovic 0 1 1 2 2 3 1 2 0 0 0/0 30:01 6:29 7:44
Robert Klinkhammer 1 0 1 1 0 2 0 1 0 0 0/0 6:42 0:00 0:00
Scott Kosmachuck 0 1 1 1 0 1 1 0 0 0 0/0 7:01 0:02 0:00
Shawn Matthias 1 0 1 1 0 3 0 0 2 1 0/2 25:15 6:10 8:01
Tyler Wotherspoon 0 0 0 -1 0 0 1 1 0 0 0/0 11:36 0:00 2:44
Tyson Barrie 0 0 0 -1 0 0 2 0 0 0 0/0 8:58 0:00 0:00
Players Stats for Thunder
Player Name G A P +/- PIM S H SB GA TA FO MP PP MP PK MP
------------------------------------------------------------------------------------
Austin Wuthrich 0 0 0 -2 2 1 3 0 0 0 0/1 9:36 0:23 0:00
Brandon Saad 0 0 0 -1 0 1 0 0 0 0 0/1 6:12 0:00 2:10
Dany Roussin 2 1 3 4 2 4 2 1 2 0 0/0 20:25 5:38 5:14
Daultan Leveillé 0 1 1 -2 0 4 1 4 0 0 10/20 22:54 8:33 2:47
David Fischer 1 0 1 0 0 2 2 5 0 0 0/0 31:16 7:30 6:34
David Wolf 0 0 0 -1 0 0 0 1 0 0 2/3 3:58 1:28 0:00
Gianluca Curcuruto 0 0 0 -1 2 0 1 0 0 0 0/0 12:30 0:00 2:15
Jared Staal 1 1 2 4 2 2 3 0 0 0 1/2 14:52 5:38 0:00
Joe Labate 0 0 0 -2 0 1 1 0 0 0 3/5 8:32 0:00 0:00
Joey Ryan 0 2 2 0 0 2 1 3 0 2 0/0 30:08 6:45 6:18
Mike Hoffman 0 0 0 -2 0 3 4 0 1 0 0/0 13:02 0:00 4:00
Mikko Vainonen 0 0 0 0 4 1 1 0 0 0 0/0 18:02 6:53 0:12
Nikolay Prokhorkin 0 0 0 -1 0 0 0 0 0 0 0/0 2:20 0:33 0:00
Peter Andersson 0 0 0 -1 0 0 0 1 0 0 0/0 4:36 0:18 1:11
Ryan Nugent-Hopkins 1 2 3 4 2 4 0 0 1 1 12/16 15:26 5:48 0:24
Scott Parse 0 1 1 -2 0 5 2 0 1 0 9/16 28:06 7:47 5:49
Thomas Spelling 0 0 0 -2 0 3 2 0 1 0 1/1 19:24 8:24 0:00
Zach Redmond 0 0 0 0 0 1 2 2 1 2 0/0 23:35 8:02 3:54
Zach Stepan 0 0 0 0 0 0 0 0 0 0 1/3 3:06 0:00 0:00
3 Stars
1 - Dany Roussin (TRO)
2 - Alex Chiasson (Tex)
3 - Ryan Nugent-Hopkins (TRO)
Power Play
Little Stars - 2 on 7 Attempt(s) - 28.57%
Thunder - 1 on 10 Attempt(s) - 10.00%
Penalty Kill
Little Stars - 9 on 10 Attempt(s) - 90.00%
- Score 0 goal in Penalty Kill
Thunder - 5 on 7 Attempt(s) - 71.43%
- Score 0 goal in Penalty Kill
Team Stat
Little Stars - Hits : 23 - Faceoff Wins : 29 - Blocked Shots : 14 - Penalty Minutes : 20
Thunder - Hits : 25 - Faceoff Wins : 39 - Blocked Shots : 17 - Penalty Minutes : 14
Official
Referees : Auger Stephane and Rehman Kyle
Linesman : Michel Cormier and Brian Mach
Game Notes
Peter Andersson is injured at 12:03 of 1st period (Strained Right Knee)
3:22 of 3rd period - Thunder goal is going for a video replay. After video review, No Goal. The puck has been directed, batted or thrown into the net by an attacking player other than with a stick.
Brian Flynn has scored in a empty net!
Finance
Level 1 -- Attendance: 1604 (80.20%) -- Ticket Income $64,160
Level 2 -- Attendance: 755 (75.50%) -- Ticket Income $15,100
Total Attendance: 2359 (78.63%)
Total Ticket Income: $79,260
Other Income: $3,963
Total Income: $83,223
Little Stars
5 vs 5 Forward
Center Left Wing Right Wing Time % Phy DF OF
1 Brian Flynn Shawn Matthias Alex Chiasson 40 1 2 2
2 Dana Tyrell Jesse Joensuu Hugh Jessiman 30 1 2 2
3 Mathieu Perreault Alexander Vasyunov Jesper Fast 20 1 2 2
4 Daniel Catenacci Robert Klinkhammer Scott Kosmachuck 10 1 2 2
5 vs 5 Defense
Defense Defense Time % Phy DF OF
1 Phil Oreskovic Niklas Hjalmarsson 40 1 2 2
2 Andrej Sustr Jordie Benn 30 1 2 2
3 Tyson Barrie Tyler Wotherspoon 20 1 2 2
4 Phil Oreskovic Niklas Hjalmarsson 10 1 2 2
PowerPlay Forward
Center Left Wing Right Wing Time % Phy DF OF
1 Brian Flynn Shawn Matthias Alex Chiasson 60 1 2 2
2 Dana Tyrell Jesse Joensuu Hugh Jessiman 40 1 2 2
PowerPlay Defense
Defense Defense Time % Phy DF OF
1 Phil Oreskovic Niklas Hjalmarsson 60 1 2 2
2 Andrej Sustr Jordie Benn 40 1 2 2
Penalty Kill 4 Players Forward
Center Wing Time % Phy DF OF
1 Alex Chiasson Shawn Matthias 60 1 2 2
2 Hugh Jessiman Brian Flynn 40 1 2 2
Penalty Kill 4 Players Defense
Defense Defense Time % Phy DF OF
1 Phil Oreskovic Niklas Hjalmarsson 60 1 2 2
2 Andrej Sustr Jordie Benn 40 1 2 2
Penalty Kill - 3 Players Forward
Forward Time % Phy DF OF
1 Alex Chiasson 60 1 2 2
2 Shawn Matthias 40 1 2 2
Penalty Kill - 3 Players Defense
Defense Defense Time % Phy DF OF
1 Phil Oreskovic Niklas Hjalmarsson 60 1 2 2
2 Andrej Sustr Jordie Benn 40 1 2 2
4 vs 4 Forward
Center Wing Time % Phy DF OF
1 Alex Chiasson Shawn Matthias 60 1 2 2
2 Hugh Jessiman Brian Flynn 40 1 2 2
4 vs 4 Defense
Defense Defense Time % Phy DF OF
1 Phil Oreskovic Niklas Hjalmarsson 60 1 2 2
2 Andrej Sustr Jordie Benn 40 1 2 2
Last Minutes Offensive
Center Left Wing Right Wing Defense Defense
Brian Flynn Shawn Matthias Alex Chiasson Phil Oreskovic Niklas Hjalmarsson
Last Minutes Defensive
Center Left Wing Right Wing Defense Defense
Brian Flynn Shawn Matthias Alex Chiasson Phil Oreskovic Niklas Hjalmarsson
Goaltenders
Starting : Jhonas Enroth
Backup : Peter Delmas
Extra Forwards
Normal : Mathieu Perreault, Jesper Fast, Alexander Vasyunov - PP : Mathieu Perreault, Jesper Fast - PK : Alexander Vasyunov
Extra Defensemen
Normal : Tyson Barrie, Tyler Wotherspoon, Andrej Sustr - PP : Tyson Barrie - PK : Tyler Wotherspoon, Andrej Sustr
Penalty Shots
Alex Chiasson, Shawn Matthias, Hugh Jessiman, Brian Flynn, Jesse Joensuu
Scratches
Daniel O'regan (Healthy), Michael Mersch (Healthy), Scott Harrington (Healthy), Reece Willcox (Healthy), Ville Pokka (Healthy)
Alexander Khokhlachev (Healthy), Anthony Camara (Healthy), Duncan Siemens (Healthy), Dillon Simpson (Healthy), Yannick Weber (Bruised Left Leg Injury)
Anthony Stolarz (Healthy)
Thunder
5 vs 5 Forward
Center Left Wing Right Wing Time % Phy DF OF
1 Daultan Leveillé Scott Parse Thomas Spelling 40 1 2 2
2 Ryan Nugent-Hopkins Dany Roussin Jared Staal 30 1 2 2
3 Joe Labate Mike Hoffman Austin Wuthrich 20 1 2 2
4 Zach Stepan Brandon Saad Scott Parse 10 1 2 2
5 vs 5 Defense
Defense Defense Time % Phy DF OF
1 David Fischer Joey Ryan 40 1 2 2
2 Zach Redmond Peter Andersson 30 1 2 2
3 Mikko Vainonen Gianluca Curcuruto 20 1 2 2
4 David Fischer Joey Ryan 10 1 2 2
PowerPlay Forward
Center Left Wing Right Wing Time % Phy DF OF
1 Daultan Leveillé Scott Parse Thomas Spelling 60 1 2 2
2 Ryan Nugent-Hopkins Dany Roussin Jared Staal 40 1 2 2
PowerPlay Defense
Defense Defense Time % Phy DF OF
1 David Fischer Joey Ryan 60 1 2 2
2 Zach Redmond Peter Andersson 40 1 2 2
Penalty Kill 4 Players Forward
Center Wing Time % Phy DF OF
1 Scott Parse Dany Roussin 60 1 2 2
2 Daultan Leveillé Mike Hoffman 40 1 2 2
Penalty Kill 4 Players Defense
Defense Defense Time % Phy DF OF
1 David Fischer Joey Ryan 60 1 2 2
2 Zach Redmond Peter Andersson 40 1 2 2
Penalty Kill - 3 Players Forward
Forward Time % Phy DF OF
1 Scott Parse 60 1 2 2
2 Dany Roussin 40 1 2 2
Penalty Kill - 3 Players Defense
Defense Defense Time % Phy DF OF
1 David Fischer Joey Ryan 60 1 2 2
2 Zach Redmond Peter Andersson 40 1 2 2
4 vs 4 Forward
Center Wing Time % Phy DF OF
1 Scott Parse Dany Roussin 60 1 2 2
2 Daultan Leveillé Mike Hoffman 40 1 2 2
4 vs 4 Defense
Defense Defense Time % Phy DF OF
1 David Fischer Joey Ryan 60 1 2 2
2 Zach Redmond Peter Andersson 40 1 2 2
Last Minutes Offensive
Center Left Wing Right Wing Defense Defense
Daultan Leveillé Scott Parse Thomas Spelling David Fischer Joey Ryan
Last Minutes Defensive
Center Left Wing Right Wing Defense Defense
Daultan Leveillé Scott Parse Thomas Spelling David Fischer Joey Ryan
Goaltenders
Starting : Jake Allen
Backup : Devan Dubnyk
Extra Forwards
Normal : David Wolf, Nikolay Prokhorkin, Brandon Saad - PP : David Wolf, Nikolay Prokhorkin - PK : Brandon Saad
Extra Defensemen
Normal : Mikko Vainonen, Gianluca Curcuruto, Zach Redmond - PP : Mikko Vainonen - PK : Gianluca Curcuruto, Zach Redmond
Penalty Shots
Scott Parse, Dany Roussin, Daultan Leveillé, Mike Hoffman, Ryan Nugent-Hopkins
Scratches
Connor Hellebyuk (Healthy), Niklas Treutle (Healthy)
% Time on Ice - Little Stars
Lines # - Real PCT - Wanted PCT - Time Play
Normal Forward
1 - 31% - 40% - 10:10
2 - 26% - 30% - 8:40
3 - 23% - 20% - 7:26
4 - 20% - 10% - 6:42
Normal Defense
1 - 41% - 40% - 13:39
2 - 30% - 30% - 9:49
3 - 27% - 20% - 8:52
4 - 2% - 10% - 0:38
PP Forward
1 - 61% - 60% - 6:12
2 - 39% - 40% - 4:00
PP Defense
1 - 64% - 60% - 6:29
2 - 36% - 40% - 3:43
PK Forward
1 - 71% - 60% - 10:24
2 - 29% - 40% - 4:20
PK Defense
1 - 56% - 60% - 8:11
2 - 44% - 40% - 6:33
PK3 Forward
1 - 0% - 60%
2 - 0% - 40%
PK3 Defense
1 - 0% - 60%
2 - 0% - 40%
44 Forward
1 - 53% - 60% - 0:54
2 - 47% - 40% - 0:47
44 Defense
1 - 66% - 60% - 1:07
2 - 34% - 40% - 0:34
Last Minute Offensive - 0:00
Last Minute Defensive - 0:25
Total
Forward - 60:00
Defense - 60:00
|
% Time on Ice - Thunder
Lines # - Real PCT - Wanted PCT - Time Play
Normal Forward
1 - 36% - 40% - 11:48
2 - 29% - 30% - 9:42
3 - 26% - 20% - 8:32
4 - 9% - 10% - 2:55
Normal Defense
1 - 42% - 40% - 13:42
2 - 38% - 30% - 12:24
3 - 19% - 20% - 6:11
4 - 2% - 10% - 0:40
PP Forward
1 - 62% - 60% - 9:06
2 - 38% - 40% - 5:38
PP Defense
1 - 40% - 60% - 5:50
2 - 60% - 40% - 8:54
PK Forward
1 - 73% - 60% - 7:25
2 - 27% - 40% - 2:47
PK Defense
1 - 60% - 60% - 6:07
2 - 40% - 40% - 4:05
PK3 Forward
1 - 0% - 60%
2 - 0% - 40%
PK3 Defense
1 - 0% - 60%
2 - 0% - 40%
44 Forward
1 - 65% - 60% - 1:06
2 - 35% - 40% - 0:35
44 Defense
1 - 43% - 60% - 0:43
2 - 57% - 40% - 0:58
Last Minute Offensive - 0:26
Last Minute Defensive - 0:00
Total
Forward - 60:00
Defense - 60:00
|
Play by Play
1st period
0:01 of 1st period - Daultan Leveillé wins face-off versus Brian Flynn in neutral zone.
0:49 of 1st period - Wrist shot by Dany Roussin.
0:49 of 1st period - Shot Misses the Net.
1:09 of 1st period - David Fischer is hit by Andrej Sustr and loses puck.
1:31 of 1st period - Icing by David Fischer.
1:32 of 1st period - Brian Flynn wins face-off versus Daultan Leveillé in Thunder zone.
1:33 of 1st period - Wrist shot by Alex Chiasson.
1:33 of 1st period - Shot Blocked by Daultan Leveillé.
2:06 of 1st period - Wrist shot by Jesse Joensuu.
2:06 of 1st period - Stopped by Jake Allen with a rebound.
2:12 of 1st period - Minor Penalty to Ryan Nugent-Hopkins for High sticking.
2:13 of 1st period - Scott Parse wins face-off versus Brian Flynn in Thunder zone.
2:13 of 1st period - Scott Parse is hit by Alex Chiasson.
2:30 of 1st period - Minor Penalty to Brian Flynn for Hooking.
2:31 of 1st period - Scott Parse wins face-off versus Alex Chiasson in Little Stars zone.
2:57 of 1st period - Phil Oreskovic is hit by Mike Hoffman and loses puck.
3:16 of 1st period - Backhand shot by Daultan Leveillé.
3:16 of 1st period - Shot Blocked by Alex Chiasson.
4:01 of 1st period - David Fischer is hit by Niklas Hjalmarsson and loses puck.
4:10 of 1st period - Phil Oreskovic is hit by Zach Redmond and loses puck.
4:12 of 1st period - Penalty to Ryan Nugent-Hopkins is over, Ryan Nugent-Hopkins is back on ice.
4:30 of 1st period - Penalty to Brian Flynn is over, Brian Flynn is back on ice.
4:45 of 1st period - Off-side.
4:46 of 1st period - Joe Labate wins face-off versus Mathieu Perreault in neutral zone.
4:56 of 1st period - Slapshot by Jesper Fast.
4:56 of 1st period - Stopped by Jake Allen with a rebound.
4:58 of 1st period - Snap shot by Jesper Fast.
4:58 of 1st period - Stopped by Jake Allen without a rebound.
4:59 of 1st period - Ryan Nugent-Hopkins wins face-off versus Brian Flynn in Thunder zone.
5:21 of 1st period - Icing by Ryan Nugent-Hopkins.
5:22 of 1st period - Ryan Nugent-Hopkins wins face-off versus Dana Tyrell in Thunder zone.
6:05 of 1st period - Minor Penalty to Gianluca Curcuruto for Tripping.
6:06 of 1st period - Scott Parse wins face-off versus Brian Flynn in Thunder zone.
6:11 of 1st period - Slapshot by Dany Roussin.
6:11 of 1st period - Stopped by Jhonas Enroth with a rebound.
6:17 of 1st period - Snap shot by Alex Chiasson.
6:17 of 1st period - Shot Misses the Net.
6:38 of 1st period - Dana Tyrell is hit by Mike Hoffman and loses puck.
7:37 of 1st period - Mike Hoffman is hit by Niklas Hjalmarsson and loses puck.
8:05 of 1st period - Penalty to Gianluca Curcuruto is over, Gianluca Curcuruto is back on ice.
8:23 of 1st period - Snap shot by Joe Labate.
8:23 of 1st period - Stopped by Jhonas Enroth without a rebound.
8:24 of 1st period - Mathieu Perreault wins face-off versus David Wolf in Little Stars zone.
8:35 of 1st period - Slapshot by Jesper Fast.
8:35 of 1st period - Shot Misses the Net.
9:55 of 1st period - Wrist shot by Daultan Leveillé.
9:55 of 1st period - Shot Blocked by Robert Klinkhammer.
10:11 of 1st period - Slapshot by Jesse Joensuu.
10:11 of 1st period - Stopped by Jake Allen with a rebound.
10:13 of 1st period - Wrist shot by Hugh Jessiman.
10:13 of 1st period - Goal by Hugh Jessiman - Little Stars : 1 - Thunder : 0.
10:14 of 1st period - Scott Parse wins face-off versus Brian Flynn in neutral zone.
10:25 of 1st period - Slapshot by Alex Chiasson.
10:25 of 1st period - Stopped by Jake Allen without a rebound.
10:26 of 1st period - Daultan Leveillé wins face-off versus Brian Flynn in Thunder zone.
10:35 of 1st period - Snap shot by Alex Chiasson.
10:35 of 1st period - Deflect By Shawn Matthias.
10:35 of 1st period - Stopped by Jake Allen with a rebound.
10:37 of 1st period - Snap shot by Shawn Matthias.
10:37 of 1st period - Goal by Shawn Matthias - Little Stars : 2 - Thunder : 0.
10:38 of 1st period - Brian Flynn wins face-off versus Daultan Leveillé in neutral zone.
10:49 of 1st period - Snap shot by Brian Flynn.
10:49 of 1st period - Shot Blocked by Daultan Leveillé.
11:08 of 1st period - Wrist shot by Dany Roussin.
11:08 of 1st period - Shot Misses the Net.
11:44 of 1st period - Icing by Joey Ryan.
11:45 of 1st period - Mathieu Perreault wins face-off versus Daultan Leveillé in Thunder zone.
11:46 of 1st period - Slapshot by Jesper Fast.
11:46 of 1st period - Deflect By Mathieu Perreault.
11:46 of 1st period - Shot Blocked by Daultan Leveillé.
11:46 of 1st period - Puck is out of play.
11:47 of 1st period - Thomas Spelling wins face-off versus Mathieu Perreault in Thunder zone.
12:03 of 1st period - Snap shot by Mathieu Perreault.
12:03 of 1st period - Deflect By Jesper Fast.
12:03 of 1st period - Shot Blocked by Peter Andersson.
12:03 of 1st period - Peter Andersson from Thunder is injured at 12:03 of 1st period (Strained Right Knee).
12:04 of 1st period - Brian Flynn wins face-off versus Daultan Leveillé in Thunder zone.
12:07 of 1st period - Wrist shot by Shawn Matthias.
12:07 of 1st period - Shot Blocked by David Fischer.
12:21 of 1st period - David Fischer is hit by Niklas Hjalmarsson and loses puck.
12:39 of 1st period - Snap shot by Daultan Leveillé.
12:39 of 1st period - Deflect By Thomas Spelling.
12:39 of 1st period - Stopped by Jhonas Enroth with a rebound.
13:01 of 1st period - Snap shot by Ryan Nugent-Hopkins.
13:01 of 1st period - Shot Blocked by Jesse Joensuu.
13:03 of 1st period - Slapshot by Joey Ryan.
13:03 of 1st period - Deflect By Dany Roussin.
13:03 of 1st period - Goal by Dany Roussin - Little Stars : 2 - Thunder : 1.
13:04 of 1st period - Ryan Nugent-Hopkins wins face-off versus Brian Flynn in neutral zone.
13:09 of 1st period - Slapshot by Dany Roussin.
13:09 of 1st period - Shot Misses the Net.
13:15 of 1st period - Slapshot by Brian Flynn.
13:15 of 1st period - Shot Misses the Net.
13:29 of 1st period - Andrej Sustr is hit by Mike Hoffman and loses puck.
14:02 of 1st period - Mathieu Perreault is hit by Mikko Vainonen and loses puck.
14:46 of 1st period - Minor Penalty to Austin Wuthrich for Roughing.
14:47 of 1st period - Scott Parse wins face-off versus Brian Flynn in Thunder zone.
15:12 of 1st period - Joey Ryan is hit by Jesse Joensuu.
15:21 of 1st period - Zach Redmond is hit by Jesse Joensuu and loses puck.
16:46 of 1st period - Penalty to Austin Wuthrich is over, Austin Wuthrich is back on ice.
17:14 of 1st period - Zach Redmond is hit by Tyson Barrie and loses puck.
17:46 of 1st period - Scott Kosmachuck is hit by Daultan Leveillé and loses puck.
18:02 of 1st period - Scott Parse is hit by Jordie Benn and loses puck.
18:07 of 1st period - Backhand shot by Niklas Hjalmarsson.
18:07 of 1st period - Deflect By Daultan Leveillé.
18:07 of 1st period - Stopped by Jake Allen with a rebound.
18:09 of 1st period - Slapshot by Tyler Wotherspoon.
18:09 of 1st period - Shot Blocked by Joey Ryan.
18:11 of 1st period - Slapshot by Phil Oreskovic.
18:11 of 1st period - Deflect By Joey Ryan.
18:11 of 1st period - Stopped by Jake Allen with a rebound.
18:13 of 1st period - Snap shot by Robert Klinkhammer.
18:13 of 1st period - Deflect By Scott Kosmachuck.
18:13 of 1st period - Stopped by Jake Allen with a rebound.
18:15 of 1st period - Slapshot by Niklas Hjalmarsson.
18:15 of 1st period - Shot Blocked by David Fischer.
18:21 of 1st period - Slapshot by David Fischer.
18:21 of 1st period - Stopped by Jhonas Enroth without a rebound.
18:22 of 1st period - Ryan Nugent-Hopkins wins face-off versus Brian Flynn in Little Stars zone.
18:23 of 1st period - Snap shot by Dany Roussin.
18:23 of 1st period - Shot Blocked by Alex Chiasson.
18:25 of 1st period - Wrist shot by Jared Staal.
18:25 of 1st period - Goal by Jared Staal - Little Stars : 2 - Thunder : 2.
18:26 of 1st period - Brian Flynn wins face-off versus Jared Staal in neutral zone.
18:47 of 1st period - Minor Penalty to Mikko Vainonen for Elbowing.
18:48 of 1st period - Scott Parse wins face-off versus Brian Flynn in Thunder zone.
18:59 of 1st period - Brian Flynn is hit by Dany Roussin.
19:37 of 1st period - Dany Roussin is hit by Brian Flynn and loses puck.
Goals for this period are 2 for Little Stars vs 2 for Thunder.
Shots for this period are 11 for Little Stars vs 6 for Thunder.
2nd period
0:01 of 2nd period - Scott Parse wins face-off versus Brian Flynn in neutral zone.
0:04 of 2nd period - Slapshot by Dany Roussin.
0:04 of 2nd period - Shot Blocked by Brian Flynn.
0:06 of 2nd period - Slapshot by Joey Ryan.
0:06 of 2nd period - Deflect By Dany Roussin.
0:06 of 2nd period - Stopped by Jhonas Enroth without a rebound.
0:07 of 2nd period - Alex Chiasson wins face-off versus Scott Parse in Little Stars zone.
0:32 of 2nd period - Snap shot by Daultan Leveillé.
0:32 of 2nd period - Stopped by Jhonas Enroth with a rebound.
0:34 of 2nd period - Slapshot by Daultan Leveillé.
0:34 of 2nd period - Stopped by Jhonas Enroth without a rebound.
0:35 of 2nd period - Daultan Leveillé wins face-off versus Jesse Joensuu in Little Stars zone.
0:38 of 2nd period - Slapshot by Daultan Leveillé.
0:38 of 2nd period - Shot Blocked by Andrej Sustr.
0:47 of 2nd period - Penalty to Mikko Vainonen is over, Mikko Vainonen is back on ice.
1:06 of 2nd period - Snap shot by Jesper Fast.
1:06 of 2nd period - Shot Misses the Net.
1:26 of 2nd period - Snap shot by Scott Parse.
1:26 of 2nd period - Shot Misses the Net.
2:00 of 2nd period - Slapshot by Andrej Sustr.
2:00 of 2nd period - Shot Blocked by Zach Redmond.
2:24 of 2nd period - Wrist shot by Ryan Nugent-Hopkins.
2:24 of 2nd period - Stopped by Jhonas Enroth with a rebound.
2:51 of 2nd period - Joey Ryan is hit by Alex Chiasson and loses puck.
3:12 of 2nd period - Snap shot by Dana Tyrell.
3:12 of 2nd period - Stopped by Jake Allen without a rebound.
3:13 of 2nd period - Daultan Leveillé wins face-off versus Shawn Matthias in Thunder zone.
3:18 of 2nd period - Wrist shot by Daultan Leveillé.
3:18 of 2nd period - Shot Blocked by Niklas Hjalmarsson.
3:28 of 2nd period - Icing by Scott Parse.
3:29 of 2nd period - Daultan Leveillé wins face-off versus Hugh Jessiman in Thunder zone.
3:42 of 2nd period - Wrist shot by Dana Tyrell.
3:42 of 2nd period - Goal by Dana Tyrell - Little Stars : 3 - Thunder : 2.
3:43 of 2nd period - Brian Flynn wins face-off versus Daultan Leveillé in neutral zone.
3:46 of 2nd period - Daultan Leveillé is hit by Phil Oreskovic and loses puck.
4:09 of 2nd period - Backhand shot by Dany Roussin.
4:09 of 2nd period - Goal by Dany Roussin - Little Stars : 3 - Thunder : 3.
4:10 of 2nd period - Brian Flynn wins face-off versus Scott Parse in neutral zone.
4:17 of 2nd period - Slapshot by Shawn Matthias.
4:17 of 2nd period - Shot Misses the Net.
4:35 of 2nd period - Alex Chiasson is hit by Joe Labate and loses puck.
4:40 of 2nd period - Snap shot by Mike Hoffman.
4:40 of 2nd period - Stopped by Jhonas Enroth with a rebound.
4:42 of 2nd period - Slapshot by Zach Redmond.
4:42 of 2nd period - Stopped by Jhonas Enroth with a rebound.
4:44 of 2nd period - Snap shot by Austin Wuthrich.
4:44 of 2nd period - Shot Blocked by Andrej Sustr.
4:48 of 2nd period - Snap shot by Mike Hoffman.
4:48 of 2nd period - Stopped by Jhonas Enroth with a rebound.
4:54 of 2nd period - Minor Penalty to Jordie Benn for Roughing.
4:55 of 2nd period - Daultan Leveillé wins face-off versus Alex Chiasson in Little Stars zone.
4:58 of 2nd period - Slapshot by Scott Parse.
4:58 of 2nd period - Shot Blocked by Phil Oreskovic.
5:00 of 2nd period - Slapshot by David Fischer.
5:00 of 2nd period - Goal by David Fischer - Little Stars : 3 - Thunder : 4.
5:01 of 2nd period - Ryan Nugent-Hopkins wins face-off versus Brian Flynn in neutral zone.
5:03 of 2nd period - Off-side.
5:04 of 2nd period - Ryan Nugent-Hopkins wins face-off versus Brian Flynn in neutral zone.
5:15 of 2nd period - Wrist shot by Brian Flynn.
5:15 of 2nd period - Stopped by Jake Allen without a rebound.
5:16 of 2nd period - Alex Chiasson wins face-off versus Daultan Leveillé in Thunder zone.
5:19 of 2nd period - Snap shot by Shawn Matthias.
5:19 of 2nd period - Shot Blocked by Daultan Leveillé.
5:30 of 2nd period - Wrist shot by Thomas Spelling.
5:30 of 2nd period - Shot Misses the Net.
5:32 of 2nd period - Snap shot by Scott Parse.
5:32 of 2nd period - Shot Misses the Net.
5:38 of 2nd period - Minor Penalty to Brian Flynn for Interference.
5:39 of 2nd period - Daultan Leveillé wins face-off versus Alex Chiasson in Little Stars zone.
5:52 of 2nd period - Slapshot by Daultan Leveillé.
5:52 of 2nd period - Shot Blocked by Phil Oreskovic.
5:54 of 2nd period - Wrist shot by Daultan Leveillé.
5:54 of 2nd period - Stopped by Jhonas Enroth with a rebound.
6:22 of 2nd period - Dany Roussin is hit by Andrej Sustr and loses puck.
7:33 of 2nd period - Slapshot by David Wolf.
7:33 of 2nd period - Shot Misses the Net.
7:35 of 2nd period - Slapshot by Mikko Vainonen.
7:35 of 2nd period - Shot Blocked by Niklas Hjalmarsson.
7:37 of 2nd period - Slapshot by Joey Ryan.
7:37 of 2nd period - Deflect By Austin Wuthrich.
7:37 of 2nd period - Stopped by Jhonas Enroth with a rebound.
7:38 of 2nd period - Penalty to Brian Flynn is over, Brian Flynn is back on ice.
7:39 of 2nd period - Slapshot by Joey Ryan.
7:39 of 2nd period - Stopped by Jhonas Enroth without a rebound.
7:40 of 2nd period - Dana Tyrell wins face-off versus Joe Labate in Little Stars zone.
7:44 of 2nd period - Off-side.
7:45 of 2nd period - Dana Tyrell wins face-off versus Austin Wuthrich in neutral zone.
8:10 of 2nd period - Slapshot by Scott Parse.
8:10 of 2nd period - Stopped by Jhonas Enroth with a rebound.
8:14 of 2nd period - Snap shot by Scott Parse.
8:14 of 2nd period - Shot Misses the Net.
8:16 of 2nd period - Slapshot by Mikko Vainonen.
8:16 of 2nd period - Stopped by Jhonas Enroth with a rebound.
8:18 of 2nd period - Wrist shot by Scott Parse.
8:18 of 2nd period - Stopped by Jhonas Enroth with a rebound.
8:20 of 2nd period - Snap shot by Daultan Leveillé.
8:20 of 2nd period - Stopped by Jhonas Enroth without a rebound.
8:21 of 2nd period - Jared Staal wins face-off versus Brian Flynn in Little Stars zone.
8:55 of 2nd period - Slapshot by Hugh Jessiman.
8:55 of 2nd period - Shot Misses the Net.
9:06 of 2nd period - Minor Penalty to Mathieu Perreault for Hooking.
9:07 of 2nd period - Daultan Leveillé wins face-off versus Alex Chiasson in Little Stars zone.
9:08 of 2nd period - Snap shot by Scott Parse.
9:08 of 2nd period - Shot Misses the Net.
9:38 of 2nd period - Snap shot by Ryan Nugent-Hopkins.
9:38 of 2nd period - Shot Blocked by Hugh Jessiman.
9:44 of 2nd period - Slapshot by Phil Oreskovic.
9:44 of 2nd period - Shot Blocked by Joey Ryan.
11:06 of 2nd period - Penalty to Mathieu Perreault is over, Mathieu Perreault is back on ice.
11:51 of 2nd period - Zach Redmond is hit by Jesse Joensuu and loses puck.
11:57 of 2nd period - Icing by Zach Redmond.
11:58 of 2nd period - Mathieu Perreault wins face-off versus Brandon Saad in Thunder zone.
12:01 of 2nd period - Wrist shot by Mathieu Perreault.
12:01 of 2nd period - Shot Misses the Net.
12:20 of 2nd period - Minor Penalty to Mathieu Perreault for Hooking.
12:21 of 2nd period - Ryan Nugent-Hopkins wins face-off versus Alex Chiasson in Little Stars zone.
12:33 of 2nd period - Jared Staal is hit by Alex Chiasson and loses puck.
13:24 of 2nd period - Jordie Benn is hit by Jared Staal and loses puck.
13:47 of 2nd period - Alexander Vasyunov is hit by Thomas Spelling and loses puck.
14:13 of 2nd period - Shawn Matthias is hit by Scott Parse and loses puck.
14:20 of 2nd period - Penalty to Mathieu Perreault is over, Mathieu Perreault is back on ice.
14:56 of 2nd period - Wrist shot by Thomas Spelling.
14:56 of 2nd period - Stopped by Jhonas Enroth with a rebound.
14:58 of 2nd period - Backhand shot by Scott Parse.
14:58 of 2nd period - Stopped by Jhonas Enroth without a rebound.
14:59 of 2nd period - Ryan Nugent-Hopkins wins face-off versus Dana Tyrell in Little Stars zone.
15:08 of 2nd period - Wrist shot by Ryan Nugent-Hopkins.
15:08 of 2nd period - Goal by Ryan Nugent-Hopkins - Little Stars : 3 - Thunder : 5.
15:09 of 2nd period - Brian Flynn wins face-off versus Ryan Nugent-Hopkins in neutral zone.
15:21 of 2nd period - Minor Penalty to Jordie Benn for Hooking.
15:22 of 2nd period - Ryan Nugent-Hopkins wins face-off versus Alex Chiasson in Little Stars zone.
15:26 of 2nd period - Snap shot by Ryan Nugent-Hopkins.
15:26 of 2nd period - Deflect By Shawn Matthias.
15:26 of 2nd period - Stopped by Jhonas Enroth without a rebound.
15:27 of 2nd period - Ryan Nugent-Hopkins wins face-off versus Alex Chiasson in Little Stars zone.
17:21 of 2nd period - Penalty to Jordie Benn is over, Jordie Benn is back on ice.
18:06 of 2nd period - Slapshot by Tyson Barrie.
18:06 of 2nd period - Shot Misses the Net.
18:08 of 2nd period - Snap shot by Robert Klinkhammer.
18:08 of 2nd period - Stopped by Jake Allen without a rebound.
18:09 of 2nd period - Zach Stepan wins face-off versus Dana Tyrell in Thunder zone.
18:25 of 2nd period - Zach Redmond is hit by Niklas Hjalmarsson and loses puck.
18:42 of 2nd period - Snap shot by Alex Chiasson.
18:42 of 2nd period - Stopped by Jake Allen with a rebound.
18:44 of 2nd period - Slapshot by Jordie Benn.
18:44 of 2nd period - Deflect By Zach Redmond.
18:44 of 2nd period - Stopped by Jake Allen with a rebound.
18:52 of 2nd period - Jordie Benn is hit by Dany Roussin and loses puck.
19:07 of 2nd period - Alexander Vasyunov is hit by David Fischer and loses puck.
19:22 of 2nd period - Dana Tyrell is hit by Austin Wuthrich.
19:40 of 2nd period - Robert Klinkhammer is hit by Gianluca Curcuruto and loses puck.
19:52 of 2nd period - Minor Penalty to Dany Roussin for High sticking.
19:53 of 2nd period - Brian Flynn wins face-off versus Scott Parse in Thunder zone.
Goals for this period are 1 for Little Stars vs 3 for Thunder.
Shots for this period are 6 for Little Stars vs 20 for Thunder.
3rd period
0:01 of 3rd period - Scott Parse wins face-off versus Brian Flynn in neutral zone.
0:14 of 3rd period - Wrist shot by Alex Chiasson.
0:14 of 3rd period - Stopped by Jake Allen with a rebound.
0:16 of 3rd period - Slapshot by Niklas Hjalmarsson.
0:16 of 3rd period - Shot Blocked by David Fischer.
0:33 of 3rd period - Wrist shot by Dana Tyrell.
0:33 of 3rd period - Shot Blocked by David Fischer.
0:35 of 3rd period - Wrist shot by Dana Tyrell.
0:35 of 3rd period - Deflect By Hugh Jessiman.
0:35 of 3rd period - Stopped by Jake Allen without a rebound.
0:36 of 3rd period - Brian Flynn wins face-off versus Scott Parse in Thunder zone.
0:37 of 3rd period - Snap shot by Alex Chiasson.
0:37 of 3rd period - Shot Blocked by Zach Redmond.
0:39 of 3rd period - Snap shot by Brian Flynn.
0:39 of 3rd period - Deflect By Shawn Matthias.
0:39 of 3rd period - Stopped by Jake Allen with a rebound.
0:41 of 3rd period - Wrist shot by Alex Chiasson.
0:41 of 3rd period - Stopped by Jake Allen with a rebound.
0:43 of 3rd period - Backhand shot by Andrej Sustr.
0:43 of 3rd period - Shot Misses the Net.
0:49 of 3rd period - Snap shot by Alex Chiasson.
0:49 of 3rd period - Goal by Alex Chiasson - Little Stars : 4 - Thunder : 5.
0:50 of 3rd period - Brian Flynn wins face-off versus Ryan Nugent-Hopkins in neutral zone.
0:53 of 3rd period - Slapshot by Niklas Hjalmarsson.
0:53 of 3rd period - Stopped by Jake Allen without a rebound.
0:54 of 3rd period - Ryan Nugent-Hopkins wins face-off versus Shawn Matthias in Thunder zone.
1:06 of 3rd period - Minor Penalty to Jared Staal for Tripping.
1:07 of 3rd period - Scott Parse wins face-off versus Brian Flynn in Thunder zone.
1:07 of 3rd period - Scott Parse is hit by Niklas Hjalmarsson.
1:18 of 3rd period - Scott Parse is hit by Niklas Hjalmarsson and loses puck.
2:03 of 3rd period - Snap shot by Alex Chiasson.
2:03 of 3rd period - Shot Blocked by Dany Roussin.
3:06 of 3rd period - Penalty to Jared Staal is over, Jared Staal is back on ice.
3:20 of 3rd period - Snap shot by Jared Staal.
3:20 of 3rd period - Deflect By Mathieu Perreault.
3:20 of 3rd period - Stopped by Jhonas Enroth with a rebound.
3:22 of 3rd period - Snap shot by Ryan Nugent-Hopkins.
3:22 of 3rd period - Thunder goal is going for a video replay.
3:22 of 3rd period - The goal is refused. The puck has been directed, batted or thrown into the net by an attacking player other than with a stick..
3:23 of 3rd period - Mathieu Perreault wins face-off versus Daultan Leveillé in Little Stars zone.
3:56 of 3rd period - Slapshot by Zach Redmond.
3:56 of 3rd period - Shot Blocked by Tyler Wotherspoon.
4:23 of 3rd period - Tyler Wotherspoon is hit by Jared Staal.
4:33 of 3rd period - Jesse Joensuu is hit by Scott Parse and loses puck.
4:54 of 3rd period - Jesper Fast is hit by Austin Wuthrich and loses puck.
5:09 of 3rd period - David Fischer is hit by Scott Kosmachuck and loses puck.
5:14 of 3rd period - Snap shot by Scott Kosmachuck.
5:14 of 3rd period - Shot Misses the Net.
5:18 of 3rd period - Slapshot by Robert Klinkhammer.
5:18 of 3rd period - Shot Misses the Net.
5:35 of 3rd period - Tyler Wotherspoon is hit by Joey Ryan and loses puck.
5:50 of 3rd period - Joey Ryan is hit by Tyler Wotherspoon and loses puck.
6:37 of 3rd period - Minor Penalty to Daniel Catenacci for Hooking.
6:38 of 3rd period - Alex Chiasson wins face-off versus Ryan Nugent-Hopkins in Little Stars zone.
6:47 of 3rd period - Shawn Matthias is hit by Jared Staal and loses puck.
8:18 of 3rd period - Wrist shot by Jesse Joensuu.
8:18 of 3rd period - Shot Blocked by David Wolf.
8:28 of 3rd period - Mikko Vainonen is hit by Jordie Benn and loses puck.
8:35 of 3rd period - Andrej Sustr is hit by Thomas Spelling and loses puck.
8:37 of 3rd period - Penalty to Daniel Catenacci is over, Daniel Catenacci is back on ice.
8:40 of 3rd period - Snap shot by Thomas Spelling.
8:40 of 3rd period - Stopped by Jhonas Enroth without a rebound.
8:41 of 3rd period - Dana Tyrell wins face-off versus Ryan Nugent-Hopkins in Little Stars zone.
8:46 of 3rd period - Wrist shot by Hugh Jessiman.
8:46 of 3rd period - Shot Misses the Net.
8:54 of 3rd period - Zach Redmond is hit by Jesse Joensuu and loses puck.
9:07 of 3rd period - Alexander Vasyunov is hit by Austin Wuthrich and loses puck.
9:17 of 3rd period - Slapshot by Joey Ryan.
9:17 of 3rd period - Stopped by Jhonas Enroth without a rebound.
9:18 of 3rd period - Ryan Nugent-Hopkins wins face-off versus Dana Tyrell in Little Stars zone.
9:52 of 3rd period - Wrist shot by Mike Hoffman.
9:52 of 3rd period - Shot Misses the Net.
9:54 of 3rd period - Wrist shot by Joe Labate.
9:54 of 3rd period - Shot Misses the Net.
10:05 of 3rd period - Off-side.
10:06 of 3rd period - Alexander Vasyunov wins face-off versus Zach Stepan in neutral zone.
10:14 of 3rd period - Minor Penalty to Mikko Vainonen for Holding.
10:15 of 3rd period - Brian Flynn wins face-off versus Scott Parse in Thunder zone.
10:27 of 3rd period - Snap shot by Alex Chiasson.
10:27 of 3rd period - Stopped by Jake Allen without a rebound.
10:28 of 3rd period - Brian Flynn wins face-off versus Scott Parse in Thunder zone.
10:39 of 3rd period - Wrist shot by Brian Flynn.
10:39 of 3rd period - Stopped by Jake Allen without a rebound.
10:40 of 3rd period - Brian Flynn wins face-off versus Scott Parse in Thunder zone.
10:43 of 3rd period - Snap shot by Shawn Matthias.
10:43 of 3rd period - Shot Misses the Net.
10:45 of 3rd period - Slapshot by Alex Chiasson.
10:45 of 3rd period - Shot Hit the Post.
10:51 of 3rd period - Snap shot by Shawn Matthias.
10:51 of 3rd period - Shot Blocked by David Fischer.
10:53 of 3rd period - Snap shot by Phil Oreskovic.
10:53 of 3rd period - Shot Misses the Net.
10:55 of 3rd period - Slapshot by Phil Oreskovic.
10:55 of 3rd period - Stopped by Jake Allen with a rebound.
11:09 of 3rd period - Snap shot by Phil Oreskovic.
11:09 of 3rd period - Stopped by Jake Allen with a rebound.
11:11 of 3rd period - Slapshot by Niklas Hjalmarsson.
11:11 of 3rd period - Shot Blocked by Joey Ryan.
11:13 of 3rd period - Wrist shot by Niklas Hjalmarsson.
11:13 of 3rd period - Shot Misses the Net.
11:15 of 3rd period - Wrist shot by Dana Tyrell.
11:15 of 3rd period - Goal by Dana Tyrell - Little Stars : 5 - Thunder : 5.
11:16 of 3rd period - Brian Flynn wins face-off versus Daultan Leveillé in neutral zone.
12:09 of 3rd period - Slapshot by Robert Klinkhammer.
12:09 of 3rd period - Goal by Robert Klinkhammer - Little Stars : 6 - Thunder : 5.
12:10 of 3rd period - Daultan Leveillé wins face-off versus Brian Flynn in neutral zone.
12:18 of 3rd period - Snap shot by Alex Chiasson.
12:18 of 3rd period - Shot Misses the Net.
12:56 of 3rd period - Minor Penalty to Mathieu Perreault for Tripping.
12:57 of 3rd period - Alex Chiasson wins face-off versus Daultan Leveillé in Little Stars zone.
13:10 of 3rd period - Slapshot by Daultan Leveillé.
13:10 of 3rd period - Shot Misses the Net.
14:56 of 3rd period - Penalty to Mathieu Perreault is over, Mathieu Perreault is back on ice.
15:08 of 3rd period - Phil Oreskovic is hit by Zach Redmond and loses puck.
15:17 of 3rd period - Robert Klinkhammer is hit by Mike Hoffman and loses puck.
15:32 of 3rd period - David Wolf is hit by Tyson Barrie and loses puck.
16:15 of 3rd period - Icing by Niklas Hjalmarsson.
16:16 of 3rd period - David Wolf wins face-off versus Dana Tyrell in Little Stars zone.
16:27 of 3rd period - Snap shot by Mike Hoffman.
16:27 of 3rd period - Stopped by Jhonas Enroth without a rebound.
16:28 of 3rd period - Mathieu Perreault wins face-off versus Joe Labate in Little Stars zone.
16:28 of 3rd period - Mathieu Perreault is hit by David Fischer.
16:31 of 3rd period - Minor Penalty to Andrej Sustr for Hooking.
16:32 of 3rd period - Daultan Leveillé wins face-off versus Alex Chiasson in Little Stars zone.
18:29 of 3rd period - Snap shot by Scott Parse.
18:29 of 3rd period - Stopped by Jhonas Enroth with a rebound.
18:31 of 3rd period - Penalty to Andrej Sustr is over, Andrej Sustr is back on ice.
18:31 of 3rd period - Snap shot by Scott Parse.
18:31 of 3rd period - Stopped by Jhonas Enroth without a rebound.
18:32 of 3rd period - Joe Labate wins face-off versus Mathieu Perreault in Little Stars zone.
18:39 of 3rd period - Wrist shot by Joey Ryan.
18:39 of 3rd period - Shot Misses the Net.
18:41 of 3rd period - Slapshot by David Fischer.
18:41 of 3rd period - Shot Misses the Net.
18:43 of 3rd period - Slapshot by Joey Ryan.
18:43 of 3rd period - Shot Blocked by Niklas Hjalmarsson.
18:45 of 3rd period - Thunder, Jake Allen is pulled from the net.
18:45 of 3rd period - Snap shot by Joe Labate.
18:45 of 3rd period - Shot Misses the Net.
18:47 of 3rd period - Slapshot by David Fischer.
18:47 of 3rd period - Shot Misses the Net.
19:02 of 3rd period - Snap shot by Brandon Saad.
19:02 of 3rd period - Stopped by Jhonas Enroth without a rebound.
19:03 of 3rd period - John Anderson call a timeout for Thunder.
19:03 of 3rd period - David Wolf wins face-off versus Brian Flynn in Little Stars zone.
19:16 of 3rd period - Slapshot by Alex Chiasson.
19:16 of 3rd period - Deflect By Brian Flynn.
19:16 of 3rd period - Goal by Brian Flynn - Little Stars : 7 - Thunder : 5.
19:16 of 3rd period - Jake Allen from Thunder was sent back in the game.
19:17 of 3rd period - Joe Labate wins face-off versus Mathieu Perreault in neutral zone.
19:31 of 3rd period - Off-side.
19:32 of 3rd period - Hugh Jessiman wins face-off versus Zach Stepan in neutral zone.
19:32 of 3rd period - Minor Penalty to Phil Oreskovic for Hooking.
19:33 of 3rd period - Alex Chiasson wins face-off versus Daultan Leveillé in Little Stars zone.
Goals for this period are 4 for Little Stars vs 0 for Thunder.
Shots for this period are 13 for Little Stars vs 8 for Thunder.
Back to the Top